 Dungeon Sprint DCSS version 0.27-a0-1256-gced786f65e (webtiles) character file.

Game seed: 13746632937913143642

147 mhtbhm the Skirmisher (level 5, -7/57 HPs)
             Began as a Gargoyle Berserker on June 10, 2021.
             Was a Believer of Trog.
             Killed from afar by an oklob sapling wizard (8 damage)
             ... with a magic dart
             ... in the Dungeon (Sprint IV: "Fedhas' Mad Dash").
             The game lasted 00:00:41 (826 turns).

mhtbhm the Skirmisher (Gargoyle Berserker)           Turns: 826, Time: 00:00:42

Health: -7/57      AC: -1    Str: 21    XL:     5   Next: 29%
Magic:  4/5        EV: 12    Int:  8    God:    Trog [**....]
Gold:   48         SH:  0    Dex:  9    Spells: 4/4 levels left

rFire    . . .     SeeInvis .   a - +0 mace
rCold    . . .     Faith    .   (no shield)
rNeg     + . .     Spirit   .   b - +0 animal skin
rPois    ∞         Reflect  .   (no helmet)
rElec    +         Harm     .   (no cloak)
rCorr    .         Rampage  .   (no gloves)
Will     .....     NoTele   +   (no boots)
Stlth    ..........             j - amulet of invisibility {+Inv}
HPRegen  0.19/turn              (no ring)
MPRegen  0.09/turn              (no ring)

@: berserking (expiring), corroded, very slightly contaminated, invisible
(expiring), very quick
A: sickness immunity, AC +4, negative energy resistance 1, electricity
resistance, torment resistance 1, petrification resistance
a: Renounce Religion, Evoke Invisibility, Berserk, Trog's Hand


You were in the Dungeon.
You worshipped Trog.
Trog was pleased with you.
You visited 1 branch You collected 48 gold pieces.

Inventory:

Hand Weapons
 a - a +0 mace (weapon)
Armour
 b - a +0 animal skin (worn)
Jewellery
 j - the amulet of invisibility (around neck) {+Inv}
   (You found it in the Dungeon)

   [amulet of nothing]

   It lets you turn invisible.
Scrolls
 h - a scroll of blinking
Potions
 c - a potion of curing
 d - a potion of heal wounds
 e - a potion of haste
 f - 2 potions of magic
 g - a potion of berserk rage
 i - a potion of attraction {unknown}


   Skills:
 + Level 7.5 Fighting
 + Level 7.1 Maces & Flails
 + Level 4.1 Armour
 + Level 3.2 Dodging
 + Level 0.8 Stealth
 + Level 0.3 Evocations


You had 4 spell levels left.
You didn't know any spells.
Your spell library was empty.

Dungeon Overview and Level Annotations

Branches:
Dungeon (1/1)

Altars:
Cheibriados
Dithmenos
Elyvilon
Gozag
Hepliaklqana
Kikubaaqudgha
Makhleb
Nemelex Xobeh
Okawaru
Qazlal
Ru
Sif Muna
Trog
Uskayaw
Vehumet
Wu Jian
Xom
Yredelemnul
Zin
The Shining One
Beogh
Jiyva
Lugonu

Annotations:
D exclusion: oklob sapling


Innate Abilities, Weirdness & Mutations

You are immune to sickness and miasma.
Your stone body is resilient. (AC +4)
You are immune to poison.
You resist negative energy. (rN+)
You are resistant to electric shocks. (rElec)
You are resistant to unholy torment.
You are immune to petrification.


Message History

You fail to use your ability.
You fade into invisibility!
You are very lightly contaminated with residual magic.
You open the door.
An oklob sapling wizard comes into view.
Marking area around an oklob sapling as unsafe for travelling.
Found a robe and a scale mail.
There is an open door here.
The helpless oklob sapling wizard fails to defend itself.
You hit the oklob sapling wizard.
The oklob sapling wizard is moderately damaged.
Unknown command.
A red film seems to cover your vision as you go berserk!
You feel yourself moving faster!
You feel mighty!
The oklob sapling wizard casts a spell at you.
The magic dart hits you.
You hit the oklob sapling wizard but do no damage.
The oklob sapling wizard is moderately damaged.
The oklob sapling wizard spits acid at you.
The splash of acid hits you! The acid corrodes you!
You are splashed with acid!
You hit the oklob sapling wizard but do no damage.
The oklob sapling wizard is moderately damaged.
You catch the helpless oklob sapling wizard completely off-guard!
You hit the oklob sapling wizard.
The oklob sapling wizard is moderately damaged.
You hit the oklob sapling wizard.
The oklob sapling wizard is heavily damaged.
You hit the oklob sapling wizard.
The oklob sapling wizard is almost destroyed.
You flicker for a moment.
You hit the oklob sapling wizard but do no damage.
The oklob sapling wizard is almost destroyed.
The oklob sapling wizard spits acid at you.
The splash of acid hits you! The acid corrodes you!
You are splashed with acid!
* * * LOW HITPOINT WARNING * * *
You hit the oklob sapling wizard but do no damage.
The oklob sapling wizard is almost destroyed.
The oklob sapling wizard stares at you and mumbles some strange words.
The magic dart hits you!
You die...

###################
.#.⌠._._._._.⌠.#.[+
.'.._._._._._..'@P#
.#..._._._._...#..#
##.._._._._._..#.[#
#._._._._._.⌠.####
###############


You could see an oklob sapling wizard.

Vanquished Creatures
  A scorpion (D)
  2 oklob saplings (D)
  A river rat (D)
  A rat (D)
5 creatures vanquished.

Vanquished Creatures (others)
  A fungus (D)
1 creature vanquished.

Grand Total: 6 creatures vanquished

Notes
Turn   | Place    | Note
-------+----------+-------------------------------------------
     0 | D        | mhtbhm the Gargoyle Berserker began the quest for the Orb.
     0 | D        | Reached XP level 1. HP: 14/14 MP: 1/1
     9 | D        | Reached XP level 2. HP: 20/20 MP: 2/2
    78 | D        | Noticed an oklob sapling
    80 | D        | Killed an oklob sapling
    80 | D        | Reached ** piety under Trog
    81 | D        | Reached skill level 5 in Fighting
    81 | D        | Reached skill level 5 in Maces & Flails
    81 | D        | Reached XP level 3. HP: 26/26 MP: 3/3
   217 | D        | Noticed a scorpion
   218 | D        | Found the amulet of invisibility {+Inv}
   231 | D        | Killed a scorpion
   232 | D        | Reached XP level 4. HP: 32/32 MP: 4/4
   313 | D        | Found an opulent altar of Gozag.
   313 | D        | Found a hazy altar of Hepliaklqana.
   313 | D        | Found a burning altar of Makhleb.
   313 | D        | Found a sparkling altar of Nemelex Xobeh.
   313 | D        | Found a snail-covered altar of Cheibriados.
   313 | D        | Found a sacrificial altar of Ru.
   313 | D        | Found a shimmering blue altar of Sif Muna.
   313 | D        | Found a shimmering altar of Xom.
   313 | D        | Found a basalt altar of Yredelemnul.
   314 | D        | Found a viscous altar of Jiyva.
   314 | D        | Found a bloodstained altar of Trog.
   314 | D        | Found an ornate altar of the Wu Jian Council.
   314 | D        | Noticed an oklob sapling priest
   315 | D        | Found an iron altar of Okawaru.
   315 | D        | Found a shadowy altar of Dithmenos.
   315 | D        | Found a glowing silver altar of Zin.
   316 | D        | Found an ancient bone altar of Kikubaaqudgha.
   316 | D        | Found a hide-covered altar of Uskayaw.
   317 | D        | Found a stormy altar of Qazlal.
   317 | D        | Found a white marble altar of Elyvilon.
   317 | D        | Found a glowing golden altar of the Shining One.
   318 | D        | Found a corrupted altar of Lugonu.
   318 | D        | Found a radiant altar of Vehumet.
   324 | D        | Killed an oklob sapling priest
   325 | D        | Reached XP level 5. HP: 4/38 MP: 3/5
   825 | D        | HP: 1/57 [acid (17)]
   826 | D        | Killed from afar by an oklob sapling wizard

Illustrated notes

Levels and vault maps discovered:
D:        dungeon_sprint_fedhas [sprint_temple]

Skill      XL: |  1  2  3  4 |
---------------+-------------+-----
Fighting       | 4 5 6 7 |  7.5
Maces & Flails | 4 5 6 7 |  7.1
Armour         | 3 4 |  4.1
Dodging        | 2 3 |  3.2
Stealth        | |  0.8
Evocations     | |  0.3

Action                   |  1- 3 |  4- 6 || total
-------------------------+-------+-------++-------
Melee: Mace              |    18 |    11 ||    29
Invok: Berserk           |     3 |     2 ||     5
 Abil: Evoke Invisibilit |       |     2 ||     2
 Stab: Invisible         |       |     2 ||     2
       Sleeping          |       |     1 ||     1
Armor: Animal skin       |     2 |       ||     2
Dodge: Dodged            |     7 |       ||     7

Table legend: (Time is in decaauts)
 A = Elapsed time spent in this place.
 B = Non-inter-level travel time spent in this place.
 C = Inter-level travel time spent in this place.
 D = Time resting spent in this place.
 E = Time spent auto-exploring this place.
 F = Levels seen in this place.
 G = Mean time per level.
                   A        B        C        D        E       F      G
               +--------+--------+--------+--------+--------+-----+--------+
         Total |    867 |    867 |      0 |    762 |      0 |   1 |  867.0 |
       Dungeon |    867 |    867 |      0 |    762 |      0 |   1 |  867.0 |
               +--------+--------+--------+--------+--------+-----+--------+

Top non-repeatable levels by time:
       D: 867 daAuts
